 Dungeon Crawl Stone Soup version 0.23.2-11-gf996548c65 (webtiles) character file.

Game seed: 6569345203562223986

716 teukkam the Shield-Bearer (level 7, -5/62 HPs)
             Began as a Minotaur Fighter on June 6, 2019.
             Slain by an orc warrior
             ... wielding a +0 short sword
              (16 damage)
             ... on level 6 of the Dungeon.
             The game lasted 00:09:33 (2743 turns).

teukkam the Shield-Bearer (Minotaur Fighter)        Turns: 2743, Time: 00:09:33

Health: -5/62      AC:  5    Str: 22    XL:     7   Next: 41%
Magic:  6/6        EV:  9    Int:  5    God:
Gold:   129        SH:  0    Dex: 15    Spells: 6/6 levels left

rFire    . . .     SeeInvis .   a - +0 war axe
rCold    . . .     Gourm    .   c - +0 shield
rNeg     . . .     Faith    .   z - +0 troll leather armour {Purgy}
rPois    .         Spirit   .   (helmet restricted)
rElec    .         Reflect  .   (no cloak)
rCorr    .         Harm     .   (no gloves)
MR       .....                  (no boots)
Stlth    ++........             (no amulet)
HPRegen  0.60/turn              A - ring of Sodder {Dex+5 Stlth+}
MPRegen  0.10/turn              (no ring)

@: confused, flying
A: retaliatory headbutt, horns 2
a: no special abilities


You were on level 6 of the Dungeon.
You were not hungry.

You visited 1 branch of the dungeon, and saw 6 of its levels.
You also visited: Sewer.

You collected 129 gold pieces.

Inventory:

Hand Weapons
 a - a +0 war axe (weapon)
 b - a +0 hunting sling
 h - a +0 shortbow
 l - a +4 dagger
Missiles
 j - 14 arrows
 m - 53 sling bullets
 s - 84 stones (quivered)
Armour
 c - a +0 shield (worn)
 u - a +0 chain mail
 z - a +0 troll leather armour (worn) {Purgy}
Jewellery
 A - the ring of Sodder (left hand) {Dex+5 Stlth+}
   (You found it on level 6 of the Dungeon)

   [ring of dexterity]

   It affects your dexterity (+5).
   It makes you more stealthy.
Scrolls
 e - 2 scrolls of teleportation
 k - 3 scrolls of remove curse {unknown}
 n - 2 scrolls of fear {unknown}
 o - a scroll of fog {unknown}
 q - a scroll of immolation {unknown}
 t - 2 scrolls of amnesia {unknown}
 w - a scroll of enchant weapon {unknown}
 x - a scroll of blinking {unknown}
 y - a scroll of identify
Potions
 d - a potion of might
 g - 4 potions of flight
 p - 2 potions of curing {unknown}
 r - a potion of mutation {unknown}
 v - a potion of haste {unknown}
Comestibles
 f - 2 rations


   Skills:
 + Level 5.7 Fighting
 + Level 3.5 Short Blades
 - Level 2.7 Axes
 + Level 3.5 Slings
 + Level 5.7 Armour
 + Level 5.7 Shields


You had 6 spell levels left.
You didn't know any spells.
Your spell library was empty.

Dungeon Overview and Level Annotations

Branches:
Dungeon (6/15)
 Temple: D:4-7

Altars:
Makhleb
Qazlal
Uskayaw
Yredelemnul

Shops:
D:4 (


Innate Abilities, Weirdness & Mutations

You reflexively headbutt those who attack you in melee.
You have a pair of horns on your head.


Message History

The orc warrior is moderately wounded.
The orc warrior hits you but does no damage.
You hit the orc warrior but do no damage.
You headbutt the orc warrior, but do no damage.
The orc warrior is moderately wounded.
You block the orc warrior's attack.
The orc wizard looks satisfied for a moment.
You slash the orc warrior! You headbutt the orc warrior.
The orc warrior is severely wounded.
The orc warrior hits you with a +0 short sword.
* * * LOW HITPOINT WARNING * * *
The orc warrior hits you with a +0 short sword.
* * * LOW HITPOINT WARNING * * *
It was a potion of flight.
You feel very buoyant.
You fly up into the air.
You block the orc warrior's attack.
You are confused.
You feel invigorated.
The orc warrior hits you with a +0 short sword!
You die...

#.###..........#.#
#............. #.#
#..........#.#
############## #.#
#..........#.# #
#.# #.###.###+##.#
# #.# #.# #.# #.#
# #.# #.# #.# #.#
# #.# #.# #.# #.#
#.# #.# #.# #.#
#.# #.# #@# #.#
#.# #o# #.# #.#
#o# ....######.#
.......o...#
############


You could see an orc warrior and an orc wizard.

Vanquished Creatures
  Purgy (Sewer)
  A centaur (D:6)
  An ogre (D:4)
  2 bullfrogs (D:6)
  A howler monkey (D:6)
  A bullfrog zombie (D:6)
  A centaur zombie (D:6)
  A hound (D:6)
  3 worker ants
  A howler monkey skeleton (D:2)
  5 adders
  3 oozes
  An adder zombie (D:2)
  A worm (D:4)
  A dart slug (D:1)
  2 leopard geckos
  An orc (D:6)
  A giant cockroach (D:2)
  4 goblins
  5 hobgoblins
  7 jackals
  5 kobolds
  2 quokkas
  2 ball pythons (Sewer)
  A ball python zombie (D:2)
  2 bats (D:1)
  7 frilled lizards
  5 rats (D:1)
68 creatures vanquished.

Notes
Turn   | Place    | Note
-------+----------+-------------------------------------------
     0 | D:1      | teukkam the Minotaur Fighter began the quest for the Orb.
     0 | D:1      | Reached XP level 1. HP: 19/19 MP: 0/0
   159 | D:1      | Reached XP level 2. HP: 20/27 MP: 1/1
   511 | D:2      | Reached XP level 3. HP: 21/33 MP: 2/2
   604 | D:2      | Reached skill level 1 in Slings
   620 | D:2      | Reached skill level 1 in Short Blades
   862 | D:2      | Reached XP level 4. HP: 40/40 MP: 3/3
  1306 | D:5      | Entered Level 5 of the Dungeon
  1378 | D:4      | Found Xes Fohi's Weapon Boutique.
  1388 | D:4      | Noticed an ogre
  1400 | D:4      | Killed an ogre
  1400 | D:4      | Reached XP level 5. HP: 25/47 MP: 4/4
  1598 | D:5      | Found a hide-covered altar of Uskayaw.
  1600 | D:5      | Found a basalt altar of Yredelemnul.
  1602 | D:5      | Found a stormy altar of Qazlal.
  1602 | D:5      | Found a burning altar of Makhleb.
  1625 | D:6      | Reached skill level 5 in Shields
  1625 | D:6      | Reached XP level 6. HP: 29/55 MP: 5/5
  1626 | D:6      | Reached skill level 5 in Fighting
  1626 | D:6      | Reached skill level 5 in Armour
  1964 | D:6      | Reached XP level 7. HP: 61/61 MP: 6/6
  2081 | D:6      | Found a glowing drain.
  2090 | Sewer    | Entered a sewer
  2236 | Sewer    | Noticed Purgy
  2245 | Sewer    | Killed Purgy
  2709 | D:6      | Got a heavily runed glass ring
  2711 | D:6      | Identified the ring of Sodder {Dex+5 Stlth+} (You found it
                  | on level 6 of the Dungeon)
  2735 | D:6      | HP: 3/62 [orc warrior/+0 short sword (6)]
  2743 | D:6      | Slain by an orc warrior

Skill      XL: |  1  2  3  4  5  6 |
---------------+-------------------+-----
Fighting       | 4 5 |  5.7
Armour         | 4 5 |  5.7
Shields        | 4 5 |  5.7
Slings         | 1 2 3 |  3.5
Short Blades   | 1 2 3 |  3.5
Axes           | |  2.7

Action                   |  1- 3 |  4- 6 |  7- 9 || total
-------------------------+-------+-------+-------++-------
Melee: War axe           |    74 |    53 |    36 ||   163
       Headbutt          |    12 |    14 |     7 ||    33
 Fire: Hunting sling     |    10 |     6 |    12 ||    28
  Use: Scroll            |       |     3 |       ||     3
       Potion            |       |     1 |     3 ||     4
 Stab: Sleeping          |       |       |     2 ||     2
  Eat: Ration            |       |     1 |     1 ||     2
       Chunk             |       |     1 |       ||     1
Armor: Scale mail        |    27 |       |       ||    27
       Chain mail        |       |    37 |    13 ||    50
       Troll leather arm |       |       |     8 ||     8
Dodge: Dodged            |    25 |    13 |    10 ||    48
Block: Shield            |    41 |    34 |    24 ||    99
